 Dungeon Crawl Stone Soup version 0.28.0 (webtiles) character file.

Game seed: 16516240779390449246

72 Alacron the Poker (level 4, -1/28 HPs)
             Began as a Tengu Berserker on Feb 16, 2022.
             Was a Believer of Trog.
             Slain by a gnoll (7 damage)
             ... on level 2 of the Dungeon.
             The game lasted 00:02:38 (1383 turns).

Alacron the Poker (Tengu Berserker)                 Turns: 1383, Time: 00:02:38

Health: -1/28      AC:  5    Str: 20    XL:     4   Next: 25%
Magic:  5/5        EV: 11    Int:  7    God:    Trog [**....]
Gold:   84         SH:  0    Dex: 13    Spells: 3/3 levels left

rFire   . . .      SeeInvis .   a - +0 spear
rCold   . . .      Faith    .   (no shield)
rNeg    . . .      Spirit   .   c - +0 ring mail
rPois   .          Reflect  .   (helmet restricted)
rElec   .          Harm     .   (no cloak)
rCorr   .          Rampage  .   (no gloves)
Will    .....                   (boots unavailable)
Stlth   +.........              (no amulet)
HPRegen 0.09/turn               (no ring)
MPRegen 0.09/turn               (no ring)

@: no status effects
A: beak, talons 3
a: Renounce Religion, Berserk, Trog's Hand


You were on level 2 of the Dungeon.
You worshipped Trog.
Trog was pleased with you.
You visited 1 branch of the dungeon, and saw 2 of its levels.

You collected 84 gold pieces.

Inventory:

Hand Weapons
 a - a +0 spear (weapon)
Armour
 c - a +0 ring mail (worn)


   Skills:
 + Level 3.6 Fighting
 + Level 4.4 Polearms
 + Level 2.5 Armour
 + Level 2.5 Dodging
 + Level 0.5 Stealth


You had 3 spell levels left.
You didn't know any spells.
Your spell library was empty.

Dungeon Overview and Level Annotations

Branches:
Dungeon (2/15)

Altars:


Innate Abilities, Weirdness & Mutations

You have a beak for a mouth.
You have claws for feet.


Message History

The gnoll is almost dead.
The gnoll misses you. The gnoll barely misses you.
You barely miss the gnoll. You peck the gnoll.
You kill the gnoll!
Trog accepts your kill. The gnoll hits you but does no damage.
You have reached level 4!
You feel stronger.
You reach to attack!
You hit the gnoll but do no damage.
The gnoll hits you from afar with a +0 halberd!
Ouch! That really hurt!
You are too injured to fight recklessly!
You are too injured to fight recklessly!
You are too injured to fight recklessly!
You are too injured to fight recklessly!
You are too injured to fight recklessly!
You hit the gnoll but do no damage. You claw the gnoll!
The gnoll is heavily wounded.
The gnoll hits you with a +0 club.
You hit the gnoll.
The gnoll is severely wounded.
The gnoll completely misses you.
You barely miss the gnoll. You peck the gnoll.
The gnoll is almost dead.
The gnoll hits you with a +0 club.
* * * LOW HITPOINT WARNING * * *
The gnoll closely misses you.
You hit the gnoll.
You kill the gnoll!
Trog accepts your kill. The gnoll hits you with a +0 club.
* * * LOW HITPOINT WARNING * * *
You closely miss the gnoll. Your kick misses the gnoll.
Your peck misses the gnoll. The gnoll barely misses you.
You barely miss the gnoll. The gnoll barely misses you.
You hit the gnoll but do no damage. You claw the gnoll.
Your peck misses the gnoll.
The gnoll is lightly wounded.
The gnoll hits you with a +0 club!
You die...

###
######.####.########
.............. ....#
####.#.####..[ ..#.#
#.#...##.####(#.#
##.#.### ...#.#.#
#....#
#..#.#.#.######
#..###
#..#..)g.....?#
###..#
#..###@#)####.#
.....# #..# #.#g#
####.######..# #.#g#
.....#.......# #.#.#
.....#.#...#.###.#.#
.......>.........#.#
.....#.#.#.#.#####.#
##.###.#.......#
.........#.#.#.###


You could see a gnoll.

Vanquished Creatures
  2 gnolls (D:2)
  2 adders (D:2)
  A dart slug (D:1)
  5 ball pythons (D:1)
  4 endoplasms
  6 goblins
  4 hobgoblins
  2 jackals (D:1)
  3 kobolds (D:1)
  A bat (D:1)
  2 frilled lizards (D:1)
  2 rats (D:1)
34 creatures vanquished.

Vanquished Creatures (others)
  2 plants (D:1)
2 creatures vanquished.

Grand Total: 36 creatures vanquished

Notes
Turn   | Place    | Note
-------+----------+-------------------------------------------
     0 | D:1      | Alacron the Tengu Berserker began the quest for the Orb.
     0 | D:1      | Reached XP level 1. HP: 14/14 MP: 2/2
   185 | D:1      | Found a faded altar of an unknown god.
   191 | D:1      | Reached XP level 2. HP: 19/19 MP: 3/3
   599 | D:1      | Reached ** piety under Trog
   673 | D:1      | Reached XP level 3. HP: 23/23 MP: 4/4
  1111 | D:2      | Reached skill level 4 in Polearms
  1373 | D:2      | Reached XP level 4. HP: 28/28 MP: 5/5
  1383 | D:2      | Slain by a gnoll

Illustrated notes

Levels and vault maps discovered:
D:1:      minmay_arrival_widening_spiral_narrow, layout_loops_ring,
          hellmonk_ecumenical_altar_slurped_away, serial_bayou_lagoon_b
D:2:      minmay_recursive_quarters, layout_basic,
          nicolae_concentric_dashed_squares_mild, uniq_natasha

Skill      XL: |  1  2  3 |
---------------+----------+-----
Polearms       | 4 |  4.4
Fighting       | |  3.6
Armour         | |  2.5
Dodging        | |  2.5
Stealth        | |  0.5

Action                   |  1- 3 |  4- 6 || total
-------------------------+-------+-------++-------
Melee: Spear             |    73 |     8 ||    81
       Peck              |    13 |     1 ||    14
       Kick              |    16 |     2 ||    18
 Stab: Sleeping          |     3 |       ||     3
Armor: Animal skin       |     3 |       ||     3
       Ring mail         |     4 |       ||     4
Dodge: Dodged            |    23 |     4 ||    27
